| TOP OF THE 1ST |
|
Detroit Red Wings batting - Pitching for Trois-Riveres Aigles : RHP Jesus Espinosa
|
|
Pitching: RHP Jesus Espinosa
|
|
|
Batting: RHB António Scarlett
|
0-0: Called Strike 0-1: Foul Ball, location: 2F 0-2: Ball 1-2: Foul Ball, location: 2F 1-2: Strikes out swinging
|
|
Batting: LHB Duda Pinho
|
0-0: Called Strike 0-1: Called Strike 0-2: Ball 1-2: Strikes out looking
|
|
Batting: RHB Jorge Lebron
|
0-0: Ball 1-0: Called Strike 1-1: Swinging Strike 1-2: Foul Ball, location: 2F 1-2: Ball 2-2: Ball 3-2: Ground out 5-3 (Groundball, 56S, EV 78.1 MPH)
|
| Top of the 1st over - 0 runs, 0 hits, 0 errors, 0 left on base; Detroit 0 - Trois-Riveres 0 |
| BOTTOM OF THE 1ST |
|
Trois-Riveres Aigles batting - Pitching for Detroit Red Wings : LHP Ricky Herrera
|
|
Pitching: LHP Ricky Herrera
|
|
|
Batting: RHB Luis Jara
|
0-0: Swinging Strike 0-1: Foul Ball, location: 2F 0-2: Foul Ball, location: 2F 0-2: Strikes out looking
|
|
Batting: RHB Micah Logan
|
0-0: Swinging Strike 0-1: Swinging Strike 0-2: Ball 1-2: Foul Ball, location: 2F 1-2: Ground out 1-3 (Groundball, 15S, EV 67.5 MPH)
|
|
Batting: LHB Ian Cranton
|
0-0: Ball 1-0: Ball 2-0: Called Strike 2-1: Foul Ball, location: 2F 2-2: Ball 3-2: Foul Ball, location: 2F 3-2: Ground out 5-3 (Groundball, 5, EV 106.2 MPH)
|
| Bottom of the 1st over - 0 runs, 0 hits, 0 errors, 0 left on base; Detroit 0 - Trois-Riveres 0 |
| TOP OF THE 2ND |
|
Detroit Red Wings batting - Pitching for Trois-Riveres Aigles : RHP Jesus Espinosa
|
|
Batting: RHB Harry Tugnut
|
0-0: Ball 1-0: Foul Ball, location: 2F 1-1: Foul Ball, location: 2F 1-2: Foul Ball, location: 2F 1-2: Ball 2-2: SINGLE (Line Drive, 7S, EV 103.8 MPH)
|
|
Batting: RHB Alex Duarte
|
0-0: Swinging Strike 0-1: Ball 1-1: Swinging Strike 1-2: Strikes out looking
|
|
Batting: RHB Dustin Bursell
|
0-0: Fly out, F8 (Flyball, 8LD, EV 86.2 MPH)
|
|
Batting: LHB Simon Barry
|
0-0: Foul Ball, location: 2F 0-1: Called Strike 0-2: Ball 1-2: Strikes out swinging
|
| Top of the 2nd over - 0 runs, 1 hit, 0 errors, 1 left on base; Detroit 0 - Trois-Riveres 0 |
| BOTTOM OF THE 2ND |
|
Trois-Riveres Aigles batting - Pitching for Detroit Red Wings : LHP Ricky Herrera
|
|
Batting: SHB Derek Weaver
|
0-0: SOLO HOME RUN (Flyball, 78XD, EV 110.6 MPH), Distance : 435 ft
|
|
Batting: RHB Sandoval Serzedelo
|
0-0: Called Strike 0-1: Ball 1-1: Ground out 5-3 (Groundball, 56, EV 99.4 MPH)
|
|
Batting: RHB Alistair Holmes
|
0-0: Foul Ball, location: 2F 0-1: Ball 1-1: Foul Ball, location: 2F 1-2: Fly out, F2 (Popup, 3SF, EV 81.2 MPH)
|
|
Batting: RHB Willie Acevedo
|
0-0: Ball 1-0: Ball 2-0: DOUBLE (Line Drive, 9LS, EV 106.2 MPH)
|
|
Batting: RHB Chris Davis
|
0-0: Swinging Strike 0-1: Foul Ball, location: 2F 0-2: Ball 1-2: Reached on error, E5 (Groundball, 56, EV 86.9 MPH) Willie Acevedo to third
|
|
Batting: RHB Ben Saxton
|
0-0: Called Strike 0-1: Called Strike 0-2: Strikes out looking
|
| Bottom of the 2nd over - 1 run, 2 hits, 1 error, 2 left on base; Detroit 0 - Trois-Riveres 1 |
| TOP OF THE 3RD |
|
Detroit Red Wings batting - Pitching for Trois-Riveres Aigles : RHP Jesus Espinosa
|
|
Batting: LHB Ryan Adams
|
0-0: Foul Ball, location: 2F 0-1: Foul Ball, location: 2F 0-2: Ball 1-2: Ball 2-2: Ball 3-2: Strikes out looking
|
|
Batting: SHB Roderick Speed
|
0-0: Foul Ball, location: 2F 0-1: SINGLE (Flyball, 4D, EV 88.8 MPH)
|
|
Batting: RHB António Scarlett
|
0-0: Grounds into double play, 5-4-3 (Groundball, 56, EV 100.0 MPH)
|
| Top of the 3rd over - 0 runs, 1 hit, 0 errors, 0 left on base; Detroit 0 - Trois-Riveres 1 |
| BOTTOM OF THE 3RD |
|
Trois-Riveres Aigles batting - Pitching for Detroit Red Wings : LHP Ricky Herrera
|
|
Batting: RHB Luis Jara
|
0-0: Swinging Strike 0-1: Swinging Strike 0-2: Strikes out swinging
|
|
Batting: RHB Micah Logan
|
0-0: Ball 1-0: Bunt for hit to P - play at first, batter safe!
|
|
Batting: LHB Ian Cranton
|
0-0: Ball 1-0: Foul Ball, location: 2F 1-1: Called Strike 1-2: SINGLE (Groundball, 56D, EV 98.8 MPH) Micah Logan to second
|
|
Batting: SHB Derek Weaver
|
0-0: Ball 1-0: Swinging Strike 1-1: Fly out, F4 (Popup, 4M, EV 70.0 MPH)
|
|
Batting: RHB Sandoval Serzedelo
|
0-0: Ball 1-0: Foul Ball, location: 2F 1-1: Called Strike 1-2: Ball 2-2: Strikes out swinging
|
| Bottom of the 3rd over - 0 runs, 2 hits, 0 errors, 2 left on base; Detroit 0 - Trois-Riveres 1 |
| TOP OF THE 4TH |
|
Detroit Red Wings batting - Pitching for Trois-Riveres Aigles : RHP Jesus Espinosa
|
|
Batting: LHB Duda Pinho
|
0-0: Called Strike 0-1: Ball 1-1: Called Strike 1-2: Ball 2-2: Ball 3-2: Foul Ball, location: 2F 3-2: Foul Ball, location: 2F 3-2: Fly out, F8 (Flyball, 78M, EV 86.2 MPH)
|
|
Batting: RHB Jorge Lebron
|
0-0: Foul Ball, location: 2F 0-1: Foul Ball, location: 2F 0-2: Ball 1-2: Strikes out swinging
|
|
Batting: RHB Harry Tugnut
|
0-0: Ball 1-0: Reached via error on a dropped throw from SS, E3 (Groundball, 56, EV 85.6 MPH)
|
|
Batting: RHB Alex Duarte
|
0-0: Swinging Strike 0-1: Foul Ball, location: 2F 0-2: Ball 1-2: Strikes out swinging
|
| Top of the 4th over - 0 runs, 0 hits, 1 error, 1 left on base; Detroit 0 - Trois-Riveres 1 |
| BOTTOM OF THE 4TH |
|
Trois-Riveres Aigles batting - Pitching for Detroit Red Wings : LHP Ricky Herrera
|
|
Batting: RHB Alistair Holmes
|
0-0: Ball 1-0: Called Strike 1-1: Called Strike 1-2: Ground out 4-3 (Groundball, 4, EV 87.5 MPH)
|
|
Batting: RHB Willie Acevedo
|
0-0: DOUBLE (Line Drive, 3D, EV 101.9 MPH)
|
|
Batting: RHB Chris Davis
|
0-0: Ball 1-0: Ball Wild Pitch! Willie Acevedo to third 2-0: Ball 3-0: Base on Balls
|
|
Batting: RHB Ben Saxton
|
0-0: Ball 1-0: Ball 2-0: Swinging Strike 2-1: Ball 3-1: Foul Ball, location: 2F 3-2: Strikes out swinging
|
|
Batting: RHB Luis Jara
|
0-0: SINGLE (Line Drive, 9S, EV 110.0 MPH) Willie Acevedo scores Chris Davis to second
|
|
Batting: RHB Micah Logan
|
0-0: Ball 1-0: Ball 2-0: Ball 3-0: Called Strike 3-1: Fly out, F9 (Flyball, 9S, EV 88.8 MPH)
|
| Bottom of the 4th over - 1 run, 2 hits, 0 errors, 2 left on base; Detroit 0 - Trois-Riveres 2 |
| TOP OF THE 5TH |
|
Detroit Red Wings batting - Pitching for Trois-Riveres Aigles : RHP Jesus Espinosa
|
|
Batting: RHB Dustin Bursell
|
0-0: Fly out, F3 (Popup, 3F, EV 78.8 MPH)
|
|
Batting: LHB Simon Barry
|
0-0: Ball 1-0: Ball 2-0: Called Strike 2-1: Swinging Strike 2-2: Foul Ball, location: 2F 2-2: Foul Ball, location: 2F 2-2: Foul Ball, location: 2F 2-2: Ball 3-2: Foul Ball, location: 2F 3-2: Fly out, F8 (Flyball, 8LD, EV 88.1 MPH)
|
|
Batting: LHB Ryan Adams
|
0-0: Called Strike 0-1: SINGLE (Groundball, 5S, EV 70.6 MPH) (infield hit)
|
|
Batting: SHB Roderick Speed
|
0-0: Ball 1-0: Ball 2-0: Called Strike 2-1: Foul Ball, location: 2F 2-2: Ground out U3 (Groundball, 3S, EV 70.0 MPH)
|
| Top of the 5th over - 0 runs, 1 hit, 0 errors, 1 left on base; Detroit 0 - Trois-Riveres 2 |
| BOTTOM OF THE 5TH |
|
Trois-Riveres Aigles batting - Pitching for Detroit Red Wings : LHP Ricky Herrera
|
|
Batting: LHB Ian Cranton
|
0-0: Called Strike 0-1: Swinging Strike 0-2: Ball 1-2: Strikes out swinging
|
|
Batting: SHB Derek Weaver
|
0-0: Called Strike 0-1: Foul Ball, location: 2F 0-2: Strikes out looking
|
|
Batting: RHB Sandoval Serzedelo
|
0-0: Ball 1-0: Called Strike 1-1: Fly out, F7 (Flyball, 7, EV 87.5 MPH)
|
| Bottom of the 5th over - 0 runs, 0 hits, 0 errors, 0 left on base; Detroit 0 - Trois-Riveres 2 |
| TOP OF THE 6TH |
|
Detroit Red Wings batting - Pitching for Trois-Riveres Aigles : RHP Jesus Espinosa
|
|
Batting: RHB António Scarlett
|
0-0: Called Strike 0-1: Ball 1-1: Ball 2-1: Ball 3-1: Base on Balls
|
|
Batting: LHB Duda Pinho
|
0-0: Called Strike 0-1: Fielders Choice at 2nd, 6-4 (Groundball, 6, EV 86.2 MPH)
|
|
Batting: RHB Jorge Lebron
|
0-0: Ball 1-0: Called Strike Duda Pinho steals 2nd base 1-1: Ball 2-1: Swinging Strike 2-2: Foul Ball, location: 2F 2-2: Strikes out swinging
|
|
Batting: RHB Harry Tugnut
|
0-0: Ground out 6-3 (Groundball, 6S, EV 75.6 MPH)
|
| Top of the 6th over - 0 runs, 0 hits, 0 errors, 1 left on base; Detroit 0 - Trois-Riveres 2 |
| BOTTOM OF THE 6TH |
|
Trois-Riveres Aigles batting - Pitching for Detroit Red Wings : LHP Ricky Herrera
|
|
Batting: RHB Alistair Holmes
|
0-0: Foul Ball, location: 2F 0-1: Ball 1-1: SOLO HOME RUN (Flyball, 78XD, EV 115.6 MPH), Distance : 446 ft
|
|
Batting: RHB Willie Acevedo
|
0-0: Ball 1-0: Ball 2-0: Called Strike 2-1: Ball 3-1: Base on Balls
|
|
Batting: RHB Chris Davis
|
0-0: Ball 1-0: Ball Wild Pitch! Willie Acevedo to second 2-0: Intentional Walk
|
|
Batting: RHB Ben Saxton
|
0-0: Foul Ball, location: 2F 0-1: Called Strike 0-2: Foul Ball, location: 2F 0-2: Ball 1-2: Ball 2-2: Strikes out swinging
|
|
Batting: RHB Luis Jara
|
0-0: Swinging Strike 0-1: Swinging Strike 0-2: Ball 1-2: Ball 2-2: Ball 3-2: Fly out, F3 (Popup, 3L, EV 70.0 MPH)
|
|
Batting: RHB Micah Logan
|
0-0: Ball 1-0: Called Strike 1-1: Called Strike 1-2: SINGLE (Flyball, 4D, EV 89.4 MPH) Willie Acevedo to third Chris Davis to second Runner from 3rd tries for Home, throw by CF and OUT! 8-2
|
| Bottom of the 6th over - 1 run, 2 hits, 0 errors, 2 left on base; Detroit 0 - Trois-Riveres 3 |
| TOP OF THE 7TH |
|
Detroit Red Wings batting - Pitching for Trois-Riveres Aigles : RHP Jesus Espinosa
|
|
Batting: RHB Alex Duarte
|
0-0: SINGLE (Line Drive, 8RS, EV 96.2 MPH)
|
|
Batting: RHB Dustin Bursell
|
0-0: Ball 1-0: Called Strike 1-1: Foul Ball, location: 2F 1-2: Strikes out swinging
|
|
Batting: LHB Simon Barry
|
0-0: Ball 1-0: Fly out, F9 (Flyball, 9D, EV 91.9 MPH)
|
|
Batting: LHB Ryan Adams
|
0-0: Ball 1-0: Ball 2-0: Foul Ball, location: 2F 2-1: Ball 3-1: Base on Balls Alex Duarte to second
|
|
Pinch Hitting: RHB John Barton
|
0-0: Called Strike 0-1: Ball 1-1: Ball 2-1: Ball 3-1: Base on Balls Alex Duarte to third Ryan Adams to second
|
|
Batting: RHB António Scarlett
|
0-0: DOUBLE (Line Drive, 78D, EV 103.8 MPH) Alex Duarte scores Ryan Adams scores John Barton to third Runner from 3rd tries for Home, SAFE, throw by LF to trailing runner, OUT at third! 7-3-5
|
| Top of the 7th over - 3 runs, 2 hits, 0 errors, 0 left on base; Detroit 3 - Trois-Riveres 3 |
| BOTTOM OF THE 7TH |
|
Trois-Riveres Aigles batting - Pitching for Detroit Red Wings : LHP Ricky Herrera
|
|
Pitching: LHP Greg Bradley
|
|
|
Now at 3B: Peter Jones
|
|
|
Batting: LHB Ian Cranton
|
0-0: Ball 1-0: Ball 2-0: Ball 3-0: Called Strike 3-1: Called Strike 3-2: Base on Balls
|
|
Batting: SHB Derek Weaver
|
0-0: Foul Ball, location: 2F 0-1: Fielders Choice at 2nd, 1-6 (Groundball, 13S, EV 69.4 MPH)
|
|
Batting: RHB Toshikatsu Omori
|
0-0: Called Strike 0-1: Foul Ball, location: 2F 0-2: Ball 1-2: Ball 2-2: Ball 3-2: Base on Balls Derek Weaver to second
|
|
Pinch Hitting: SHB Dan Trainer
|
0-0: Foul Ball, location: 2F 0-1: Swinging Strike 0-2: Strikes out swinging
|
|
Pinch Hitting: RHB Gabe Wilcoxon
|
0-0: Ball 1-0: Ball 2-0: Called Strike 2-1: Ball 3-1: Ground out 6-3 (Groundball, 6S, EV 70.6 MPH)
|
| Bottom of the 7th over - 0 runs, 0 hits, 0 errors, 2 left on base; Detroit 3 - Trois-Riveres 3 |
| TOP OF THE 8TH |
|
Detroit Red Wings batting - Pitching for Trois-Riveres Aigles : RHP Jesus Espinosa
|
|
Pitching: RHP Steve Rennecker
|
|
|
Now at 3B: Luis Jara
|
|
|
Now at SS: Dan Trainer
|
|
|
Now in RF: Gabe Wilcoxon
|
|
|
Batting: LHB Duda Pinho
|
0-0: Swinging Strike 0-1: Ground out 5-3 (Groundball, 56, EV 78.1 MPH)
|
|
Batting: RHB Jorge Lebron
|
0-0: Foul Ball, location: 2F 0-1: Ball 1-1: Foul Ball, location: 2F 1-2: Ball 2-2: Foul Ball, location: 2F 2-2: Fly out, F8 (Flyball, 8LS, EV 79.4 MPH)
|
|
Pinch Hitting: SHB Isaiah Bias
|
0-0: Fly out, F9 (Flyball, 9D, EV 88.1 MPH)
|
| Top of the 8th over - 0 runs, 0 hits, 0 errors, 0 left on base; Detroit 3 - Trois-Riveres 3 |
| BOTTOM OF THE 8TH |
|
Trois-Riveres Aigles batting - Pitching for Detroit Red Wings : LHP Greg Bradley
|
|
Now at C: Isaiah Bias
|
|
|
Batting: RHB Chris Davis
|
0-0: Foul Ball, location: 2F 0-1: Ball 1-1: SINGLE (Groundball, 56D, EV 97.5 MPH)
|
|
Batting: RHB Ben Saxton
|
0-0: DOUBLE (Line Drive, 89D, EV 104.4 MPH) Chris Davis to third
|
|
Batting: RHB Luis Jara
|
0-0: Intentional Walk
|
|
Batting: RHB Micah Logan
|
0-0: Foul Ball, location: 2F 0-1: Foul Ball, location: 2F 0-2: Foul Ball, location: 2F 0-2: Strikes out swinging
|
|
Batting: LHB Ian Cranton
|
0-0: Ball 1-0: Swinging Strike 1-1: Foul Ball, location: 2F 1-2: Ball 2-2: Ball 3-2: GRAND SLAM HOME RUN (Flyball, 8RXD, EV 108.1 MPH), Distance : 449 ft
|
|
Pitching: RHP Neel Verhelst
|
|
|
Batting: SHB Derek Weaver
|
0-0: Called Strike 0-1: Ball 1-1: Called Strike 1-2: Ball 2-2: Strikes out swinging
|
|
Batting: RHB Toshikatsu Omori
|
0-0: Ball 1-0: SINGLE (Groundball, 56D, EV 108.8 MPH)
|
|
Batting: SHB Dan Trainer
|
0-0: Swinging Strike 0-1: Foul Ball, location: 2F 0-2: Ball 1-2: Ball 2-2: Ball 3-2: Base on Balls Toshikatsu Omori to second
|
|
Batting: RHB Gabe Wilcoxon
|
0-0: Ground out 4-3 (Groundball, 4, EV 82.5 MPH)
|
| Bottom of the 8th over - 4 runs, 4 hits, 0 errors, 2 left on base; Detroit 3 - Trois-Riveres 7 |
| TOP OF THE 9TH |
|
Detroit Red Wings batting - Pitching for Trois-Riveres Aigles : RHP Steve Rennecker
|
|
Pinch Hitting: LHB Iestyn Peacock
|
0-0: TRIPLE (Flyball, 78XD, EV 112.5 MPH)
|
|
Batting: RHB Dustin Bursell
|
0-0: Ball 1-0: Foul Ball, location: 2F 1-1: Ball 2-1: Swinging Strike 2-2: Strikes out swinging
|
|
Batting: LHB Simon Barry
|
0-0: Called Strike 0-1: Ball 1-1: Ground out U3 (Groundball, 3S, EV 83.1 MPH)
|
|
Batting: LHB Ryan Adams
|
0-0: Ball 1-0: Fly out, F6 (Popup, 6, EV 68.1 MPH)
|
| Top of the 9th over - 0 runs, 1 hit, 0 errors, 1 left on base; Detroit 3 - Trois-Riveres 7 |
|